 Dungeon Crawl Stone Soup version 0.23.1-37-gaa34b87 (webtiles) character file.

Game seed: 15609258647833628398

141 night the Magician (level 5, -7/37 HPs)
             Began as a Gnoll Wizard on Mar 23, 2019.
             Killed from afar by a white imp (12 damage)
             ... with a puff of frost
             ... summoned by Natasha
             ... on level 2 of the Dungeon.
             The game lasted 00:06:35 (2006 turns).

night the Magician (Gnoll Wizard)                   Turns: 2006, Time: 00:06:36

Health: -7/37      AC:  2    Str: 10    XL:     5   Next: 24%
Magic:  9/14       EV: 14    Int: 21    God:
Gold:   114        SH:  0    Dex: 13    Spells: 12/18 levels left

rFire    + . .     SeeInvis .   u - +1 flail (protect)
rCold    x . .     Gourm    .   (no shield)
rNeg     . . .     Faith    .   a - +0 robe
rPois    .         Spirit   .   b - +0 hat
rElec    .         Reflect  .   (no cloak)
rCorr    .         Harm     .   (no gloves)
MR       .....                  (no boots)
Stlth    +++.......             (no amulet)
HPRegen  0.12/turn              h - ring of fire
MPRegen  0.14/turn              (no ring)

@: no status effects
A: distributed training, fangs 1, strong nose
a: no special abilities


You were on level 2 of the Dungeon.
You were not hungry.

You visited 1 branch of the dungeon, and saw 2 of its levels.

You collected 114 gold pieces.

Inventory:

Hand Weapons
 g - a +0 mace
 i - a +1 short sword of distortion
 u - a +1 flail of protection (weapon)
Missiles
 o - 34 arrows
 p - 17 bolts
Armour
 a - a +0 robe (worn)
 b - a +0 hat (worn)
 j - a +0 ring mail
Jewellery
 h - a ring of fire (left hand)
Scrolls
 c - 4 scrolls of identify {unknown}
 e - a scroll of magic mapping {unknown}
 l - a scroll of remove curse {unknown}
 m - a scroll of blinking {unknown}
 q - a scroll of fog {unknown}
 s - 3 scrolls of teleportation {unknown}
 t - a scroll of enchant weapon {unknown}
Potions
 f - 2 potions of might {unknown}
 k - a potion of heal wounds {unknown}
 n - 2 potions of berserk rage {unknown}
 r - a potion of haste {unknown}
 w - a potion of brilliance {unknown}
Comestibles
 d - 4 rations
 v - 7 chunks of flesh


   Skills:
 + Level 1.4 Fighting
 + Level 1.4 Short Blades
 + Level 1.4 Long Blades
 + Level 1.4 Axes
 + Level 1.4 Maces & Flails
 + Level 1.4 Polearms
 + Level 1.4 Staves
 + Level 1.4 Slings
 + Level 1.4 Bows
 + Level 1.4 Crossbows
 + Level 1.4 Throwing
 + Level 1.4 Armour
 + Level 4.7 Dodging
 + Level 4.3 Stealth
 + Level 1.4 Shields
 + Level 1.4 Unarmed Combat
 + Level 7.2 Spellcasting
 + Level 2.3 Conjurations
 + Level 1.1 Hexes
 + Level 1.1 Charms
 + Level 2.3 Summonings
 + Level 1.1 Necromancy
 + Level 2.3 Translocations
 + Level 1.1 Transmutations
 + Level 1.1 Fire Magic
 + Level 1.1 Ice Magic
 + Level 1.1 Air Magic
 + Level 1.1 Earth Magic
 + Level 1.1 Poison Magic
 + Level 1.5 Invocations
 + Level 1.4 Evocations


You had 12 spell levels left.
You knew the following spells:

 Your Spells              Type           Power        Failure   Level  Hunger
a - Magic Dart            Conj           ###.         3%          1    None
b - Call Imp              Summ           ###.....     4%          2    None
c - Mephitic Cloud        Conj/Pois/Air  ##......     14%         3    None

Your spell library contained the following spells:

 Spells                   Type           Power        Failure   Level  Hunger
 Blink                    Tloc           N/A          4%          2    None
 Slow                     Hex            ##......     9%          2    None
 Conjure Flame            Conj/Fire      ###.....     13%         3    None


Dungeon Overview and Level Annotations

Branches:
Dungeon (2/15)

Altars:

Annotations:
D:2 Natasha


Innate Abilities, Weirdness & Mutations

Your experience applies equally to all skills.
You have very sharp teeth.
Your uncanny sense of smell can sniff out nearby items.


Message History

The white imp is moderately wounded.
Natasha mumbles some strange words.
Casting: Magic Dart (safe; 3% risk of failure)
Confirm with . or Enter, or press ? or * to list all spells.
Aiming: Magic Dart (safe; 3% risk of failure)
Press: ? - help, Shift-Dir - straight line, f/p - white imp
Aim: a white imp (moderately wounded, summoned)
The magic dart hits the white imp.
The white imp is heavily wounded.
The white imp gestures at you. The puff of frost hits you!
You feel a terrible chill!
* * * LOW HITPOINT WARNING * * *
Natasha casts a spell at you. The magic dart hits you!
* * * LOW HITPOINT WARNING * * *
The white imp laughs crazily.
The crimson imp blinks!
The white imp gestures at you. The puff of frost hits you!
You feel a terrible chill!
You die...

# #.. #.#.####### ######
#.#........ #.....
##.#.######## ######
>...........# ..###
.....#......#### ### #....
.....#.####....## ###).)#
######
.........5......####.)†..#
#.....
.....#.#.##.h5).@#.)##)..#
#.###.
.....#.#.###....#)### ###
#..... .....#.# # ########
#..... .....#.# #.....
####.#.# ## #..... #.#.#
####. #..... ####.#.# ..#
.## #..... #....# #####
#.# ..####..... #.####
...# #.# #.##.......


You could see Natasha, a crimson imp and a white imp.

Vanquished Creatures
  Crazy Yiuf (D:2)
  Natasha (twice) (D:2)
  Robin (D:2)
  An adder zombie (D:1)
  A worm (D:2)
  A dart slug (D:2)
  A leopard gecko (D:1)
  8 bats
  A bat zombie (D:1)
  17 goblins
  2 hobgoblins
  3 jackals (D:1)
  5 kobolds
  A ball python (D:2)
  3 frilled lizards
  4 rats
52 creatures vanquished.

Notes
Turn   | Place    | Note
-------+----------+-------------------------------------------
     0 | D:1      | night the Gnoll Wizard began the quest for the Orb.
     0 | D:1      | Reached XP level 1. HP: 13/13 MP: 8/8
   273 | D:1      | Reached XP level 2. HP: 19/19 MP: 8/10
   430 | D:1      | Learned a level 2 spell: Call Imp
   858 | D:1      | Reached XP level 3. HP: 25/25 MP: 7/11
  1313 | D:2      | Noticed Natasha
  1318 | D:2      | Killed Natasha
  1318 | D:2      | Reached skill level 1 in Fighting
  1318 | D:2      | Reached skill level 1 in Short Blades
  1318 | D:2      | Reached skill level 1 in Long Blades
  1318 | D:2      | Reached skill level 1 in Axes
  1318 | D:2      | Reached skill level 1 in Maces & Flails
  1318 | D:2      | Reached skill level 1 in Polearms
  1318 | D:2      | Reached skill level 1 in Staves
  1318 | D:2      | Reached skill level 1 in Slings
  1318 | D:2      | Reached skill level 1 in Bows
  1318 | D:2      | Reached skill level 1 in Crossbows
  1318 | D:2      | Reached skill level 1 in Throwing
  1318 | D:2      | Reached skill level 1 in Armour
  1318 | D:2      | Reached skill level 1 in Shields
  1318 | D:2      | Reached skill level 1 in Unarmed Combat
  1318 | D:2      | Reached skill level 1 in Invocations
  1318 | D:2      | Reached skill level 1 in Evocations
  1318 | D:2      | Reached XP level 4. HP: 32/32 MP: 7/13
  1851 | D:2      | Found a runed translucent door.
  1852 | D:2      | Noticed Crazy Yiuf
  1854 | D:2      | Noticed Robin
  1859 | D:2      | Learned a level 3 spell: Mephitic Cloud
  1882 | D:2      | Noticed Natasha
  1888 | D:2      | Killed Crazy Yiuf
  1888 | D:2      | Reached skill level 1 in Hexes
  1888 | D:2      | Reached skill level 1 in Charms
  1888 | D:2      | Reached skill level 1 in Necromancy
  1888 | D:2      | Reached skill level 1 in Transmutations
  1888 | D:2      | Reached skill level 1 in Fire Magic
  1888 | D:2      | Reached skill level 1 in Ice Magic
  1888 | D:2      | Reached skill level 1 in Air Magic
  1888 | D:2      | Reached skill level 1 in Earth Magic
  1888 | D:2      | Reached skill level 1 in Poison Magic
  1891 | D:2      | Killed Natasha
  1891 | D:2      | Reached XP level 5. HP: 20/37 MP: 9/14
  1918 | D:2      | Killed Robin
  1998 | D:2      | Noticed Natasha
  2006 | D:2      | Killed from afar by a white imp

Skill      XL: |  1  2  3  4 |
---------------+-------------+-----
Conjurations   | 2 |  2.3
Summonings     | 2 |  2.3
Translocations | 2 |  2.3
Fighting       | 1 |  1.4
Short Blades   | 1 |  1.4
Long Blades    | 1 |  1.4
Axes           | 1 |  1.4
Maces & Flails | 1 |  1.4
Polearms       | 1 |  1.4
Staves         | 1 |  1.4
Slings         | 1 |  1.4
Bows           | 1 |  1.4
Crossbows      | 1 |  1.4
Throwing       | 1 |  1.4
Armour         | 1 |  1.4
Shields        | 1 |  1.4
Unarmed Combat | 1 |  1.4
Invocations    | 1 |  1.5
Evocations     | 1 |  1.4
Hexes          | 1 |  1.1
Charms         | 1 |  1.1
Necromancy     | 1 |  1.1
Transmutations | 1 |  1.1
Fire Magic     | 1 |  1.1
Ice Magic      | 1 |  1.1
Air Magic      | 1 |  1.1
Earth Magic    | 1 |  1.1
Poison Magic   | 1 |  1.1
Dodging        | |  4.7
Stealth        | |  4.3
Spellcasting   | |  7.2

Action                   |  1- 3 |  4- 6 || total
-------------------------+-------+-------++-------
Melee: Unarmed           |     4 |       ||     4
       Mace              |    16 |       ||    16
       Bite              |     3 |     5 ||     8
       Flail             |       |    34 ||    34
 Cast: Magic Dart        |    57 |    20 ||    77
       Mephitic Cloud    |       |     3 ||     3
 Stab: Sleeping          |     1 |       ||     1
       Confused          |       |     1 ||     1
  Eat: Chunk             |     1 |     2 ||     3
Armor: Robe              |     1 |    13 ||    14
       Ring mail         |     9 |     8 ||    17
Dodge: Dodged            |    36 |    26 ||    62
